 Dungeon Crawl Stone Soup version 0.30-a0-760-g5a9884bb7c (webtiles) character file.

Game seed: 8403703004280868707

49 dialectric the Trooper (level 3, -3/29 HPs)
             Began as a Demonspawn Fighter on Feb 11, 2023.
             Slain by a kobold
             ... wielding a +1 short sword of speed
              (4 damage)
             ... on level 2 of the Dungeon.
             The game lasted 00:01:00 (790 turns).

dialectric the Trooper (Demonspawn Fighter)          Turns: 790, Time: 00:01:01

Health: -3/29      AC:  6    Str: 18    XL:     3   Next: 51%
Magic:  3/3        EV:  9    Int:  9    God:
Gold:   53         SH:  0    Dex: 12    Spells: 2/2 levels left

rFire   . . .      SeeInvis .    e - +1 dagger (elec)
rCold   . . .      Faith    .    (no shield)
rNeg    . . .      Spirit   .    b - +0 scale mail
rPois   .          Reflect  .    (no helmet)
rElec   .          Harm     .    (no cloak)
rCorr   .          Rampage  .    (no gloves)
Will    .....                    (no boots) Stlth
                                 (no amulet)
HPRegen 0.24/turn                (no ring)
MPRegen 0.08/turn                (no ring)

@: no status effects
A: claws 2
a: no special abilities


You were on level 2 of the Dungeon.
You visited 1 branch of the dungeon, and saw 2 of its levels.

You collected 53 gold pieces.

Inventory:

Hand Weapons
 a - a +1 long sword
 e - a +1 dagger of electrocution (weapon)
Armour
 b - a +0 scale mail (worn)
 c - a +0 buckler
Scrolls
 g - a scroll of teleportation {unknown}
 j - 3 scrolls of fear {unknown}
Potions
 d - 2 potions of might
 h - a potion of berserk rage {unknown}
 i - a potion of mutation {unknown}
 k - a potion of heal wounds {unknown}


   Skills:
 + Level 3.3 Fighting
 + Level 1.1(1.9) Short Blades
 + Level 2.2(2.4) Long Blades
 - Level 3.0 Armour
 * Level 1.0 Dodging
 + Level 0.1 Stealth
 - Level 2.6 Shields


You had 2 spell levels left.
You didn't know any spells.
Your spell library contained the following spells:

 Spells                   Type           Power      Damage    Failure   Level
 Blink                    Tloc           0%         N/A       88%         2
 Lesser Beckoning         Tloc           0%         N/A       88%         2
 Momentum Strike          Conj/Tloc      0%         3d8       88%         2


Dungeon Overview and Level Annotations

Branches:
Dungeon (2/15)

Altars:


Innate Abilities, Weirdness & Mutations

You have very sharp fingernails.


Message History

The kobold shouts!
The jackal barks!
The rat attacks as you move away! The rat bites you but does no damage.
The jackal bites you but does no damage.
The goblin attacks as you move away! The goblin hits you but does no damage.
The goblin attacks as you move away! The goblin hits you with a +0 dagger.
You are too injured to fight recklessly!
You hit the rat.
You kill the rat!
Unknown command.
You are too injured to fight recklessly!
You hit the goblin.
You kill the goblin!
You are too injured to fight recklessly!
Unknown command.
You hit the jackal but do no damage. The jackal closely misses you.
You hit the jackal. Lightning courses through the jackal!
You kill the jackal!
The jackal bites you.
You are too injured to fight recklessly!
You closely miss the jackal. The jackal barely misses you.
You hit the jackal but do no damage. The jackal bites you.
* * * LOW HITPOINT WARNING * * *
You barely miss the jackal. The jackal barely misses you.
The jackal bites you but does no damage.
You hit the jackal. Lightning courses through the jackal!
You kill the jackal!
The kobold hits you with a +1 short sword of speed.
* * * LOW HITPOINT WARNING * * *
The kobold hits you with a +1 short sword of speed.
* * * LOW HITPOINT WARNING * * *
Things that are here:
a +0 dagger; a jackal corpse You barely miss the kobold.
The kobold hits you but does no damage.
You barely miss the kobold.
The kobold hits you with a +1 short sword of speed.
* * * LOW HITPOINT WARNING * * *
The kobold hits you but does no damage.
You closely miss the kobold.
The kobold hits you with a +1 short sword of speed.
You die...

#≈#.<......#
##≈#......#..
##.~......##
#..~.....#####
#..~.#........#
#.#≈#########..
#.#≈###
#.###.#######
#@###.......#
#K..........#
##...........
####..........#
#.............#
#.#.#....##..##
#........# ..
#...#..##..
#...#.## .#r


You could see a kobold.

Vanquished Creatures
  2 adders (D:2)
  2 dart slugs (D:1)
  4 endoplasms (D:1)
  A giant cockroach (D:1)
  3 goblins
  2 jackals (D:2)
  3 ball pythons
  2 bats (D:1)
  2 frilled lizards (D:1)
  4 kobolds (D:1)
  A rat (D:2)
26 creatures vanquished.

Notes
Turn   | Place    | Note
-------+----------+-------------------------------------------
     0 | D:1      | dialectric the Demonspawn Fighter began the quest for the
                  | Orb.
     0 | D:1      | Reached XP level 1. HP: 18/18 MP: 1/1
   192 | D:1      | Gained mutation: You have sharp fingernails. [demonic
                  | ancestry]
   192 | D:1      | Reached XP level 2. HP: 19/24 MP: 2/2
   750 | D:2      | Reached skill level 1 in Short Blades
   750 | D:2      | Gained mutation: You have very sharp fingernails. [demonic
                  | ancestry]
   750 | D:2      | Reached XP level 3. HP: 29/29 MP: 3/3
   774 | D:2      | Reached skill level 1 in Dodging
   789 | D:2      | HP: 1/29 [kobold/+1 short sword of speed (2)]
   790 | D:2      | Slain by a kobold

Illustrated notes

Levels and vault maps discovered:
D:1:      amcnicky_arrival_flooded_fountain, layout_loops_ring
D:2:      layout_rooms, chequers_serial_rivers_micro_a, minmay_pentomino_pile

Skill      XL: |  1  2  3 |
---------------+----------+-----
Long Blades    | 2 |  2.2
Armour         | 3 |  3.0
Short Blades   | 1 |  1.1
Dodging        | 1 |  1.0
Fighting       | |  3.3
Stealth        | |  0.1
Shields        | |  2.6

Action                     || total
---------------------------++-------
  Melee: Dagger            ||    61
         Long sword        ||    13
         Punch             ||     1
    Use: Scroll            ||     1
 Armour: Scale mail        ||    40
  Dodge: Dodged            ||    46

Table legend: (Time is in decaauts)
 A = Elapsed time spent in this place.
 B = Non-inter-level travel time spent in this place.
 C = Inter-level travel time spent in this place.
 D = Time resting spent in this place.
 E = Time spent auto-exploring this place.
 F = Levels seen in this place.
 G = Mean time per level.
                   A        B        C        D        E       F      G
               +--------+--------+--------+--------+--------+-----+--------+
         Total |    790 |    763 |     27 |     52 |    528 |   2 |  395.0 |
       Dungeon |    790 |    763 |     27 |     52 |    528 |   2 |  395.0 |
               +--------+--------+--------+--------+--------+-----+--------+

Top non-repeatable levels by time:
     D:1: 743 daAuts
     D:2: 46 daAuts
